 Dungeon Crawl Stone Soup version 0.30.1-9-gdf580d7c3d (webtiles) character file.

Game seed: 11248742050960730441

36188 lonewolfV2 the Fighter (level 13, -9/80 (112) HPs)
             Began as a Demonspawn Fighter on Oct 23, 2023.
             Was an Elder of Dithmenos.
             Mangled by a stone giant (18 damage)
             ... on level 15 of the Dungeon.
             The game lasted 00:33:51 (13537 turns).

lonewolfV2 the Fighter (Demonspawn Fighter)        Turns: 13537, Time: 00:33:51

HP:   -9/80 (112)   AC: 16    Str: 29    XL:     13   Next: 51%
MP:   23/23         EV:  8    Int: 16    God:    Dithmenos [****..]
Gold: 511           SH: 15    Dex: 12    Spells: 12/12 levels left

rFire   + . .        s - +6 war axe (flame)
rCold   . . .        J - +0 kite shield
rNeg    + + +        x - +1 chain mail
rPois   ∞            W - +2 helmet {SInv}
rElec   +            (no cloak)
rCorr   .            R - +2 pair of gloves
SInv    +            (no boots)
Will    ∞            l - amulet "Kewno" {Reflect Regen+ Str+3 Dex-2 SH+5} Stlth
                     F - ring of Day {Contam +Blink rElec rPois rF+}
HPRegen 1.13/turn    V - +6 ring of strength
MPRegen 0.18/turn

%: reflection, wizardry (x1)
@: mighty, about to teleport, shadow-form, wreathed by umbra, very heavily
drained, invisible
A: shadow resist, half damage, bleed smoke, invisible, ignite blood 2, spiny 3,
big brain 3, demonic touch 1
a: End Transformation, Renounce Religion, Evoke Blink, Shadow Step


You were on level 15 of the Dungeon.
You worshipped Dithmenos.
Dithmenos was greatly pleased with you.
You were a swirling mass of dark shadows.
You visited 2 branches of the dungeon, and saw 16 of its levels.

You collected 957 gold pieces.
You spent 446 gold pieces at shops.

Inventory:

Hand Weapons
 a - a +0 war axe
 s - a +6 war axe of flaming (weapon)
Missiles
 j - 4 throwing nets (quivered)
Armour
 k - a +0 pair of gloves
 x - a +1 chain mail (worn)
 J - a +0 kite shield (worn)
 R - a +2 pair of gloves (worn)
 W - a +2 helmet of see invisible (worn)
Jewellery
 b - a ring of protection from cold
 g - a +4 ring of protection
 l - the amulet "Kewno" (around neck) {Reflect Regen+ Str+3 Dex-2 SH+5}
   (You found it on level 3 of the Dungeon)

   [amulet of reflection]

   It reflects blocked missile attacks.
   Str:       It affects your strength (+3).
   Dex:       It affects your dexterity (-2).
   Regen:     It increases your rate of health regeneration.
   SH:        It affects your SH (+5).
 m - a +6 ring of dexterity
 o - a +6 ring of intelligence
 D - a ring of protection from fire
 F - the ring of Day (left hand) {Contam +Blink rElec rPois rF+}
   (You bought it in a shop on level 8 of the Dungeon)

   [ring of protection from fire]

   rF:        It protects you from fire.
   rElec:     It insulates you from electricity.
   rPois:     It protects you from poison.
   +Blink:    It lets you blink.
   Contam:    It causes magical contamination when unequipped.
 L - a ring of positive energy
 M - an amulet of guardian spirit
 N - a ring of ice
 P - a +6 ring of strength
 U - an amulet of faith
 V - a +6 ring of strength (right hand)
Wands
 c - a wand of mindburst (13)
 n - a wand of flame (48)
 t - a wand of iceblast (16)
 I - a wand of quicksilver (2)
 O - a wand of charming (11)
 T - a wand of polymorph (3)
Scrolls
 d - a scroll of fog
 p - a scroll of identify
 q - 3 scrolls of teleportation
 r - 2 scrolls of amnesia
 u - 3 scrolls of poison
 v - 5 scrolls of enchant armour
 y - 2 scrolls of magic mapping
 z - 2 scrolls of vulnerability
Potions
 e - 4 potions of haste
 f - a potion of curing
 h - 5 potions of attraction
 i - a potion of mutation
 w - 2 potions of flight
 A - 2 potions of invisibility
 B - a potion of berserk rage
 C - 3 potions of degeneration
 E - 3 potions of brilliance
 G - 2 potions of magic
 H - a potion of resistance
 Q - a potion of experience


   Skills:
 + Level 13.8 Fighting
 - Level 12.3 Axes
 - Level 2.6 Armour
 * Level 9.2 Shields
 * Level 13.6 Invocations


You had 12 spell levels left.
You didn't know any spells.
Your spell library contained the following spells:

 Spells                   Type           Power      Damage    Failure   Level
 Foxfire                  Conj/Fire      0%         2x1d4     56%         1
 Summon Small Mammal      Summ           0%         N/A       56%         1
 Call Canine Familiar     Summ           0%         N/A       89%         3
 Gell's Gravitas          Tloc           0%         N/A       89%         3
 Ignite Poison            Fire/Tmut/Pois 0%         N/A       89%         3
 Portal Projectile        Hex/Tloc       0%         N/A       89%         3
 Summon Guardian Golem    Hex/Summ       0%         N/A       89%         3
 Teleport Other           Tloc           0%         N/A       89%         3
 Tukima's Dance           Hex            0%         N/A       89%         3
 Animate Armour           Summ/Erth      0%         N/A       99%         4
 Sticky Flame             Conj/Fire      0%         2d3       99%         4
 Blade Hands              Tmut           0%         N/A       100%        5
 Fireball                 Conj/Fire      0%         3d3       100%        5
 Dispersal                Tloc           0%         N/A       100%        6
 Iron Shot                Conj/Erth      0%         9d1       100%        6
 Plasma Beam              Fire/Air       0%         2x1d11    100%        6
 Starburst                Conj/Fire      0%         6d3       100%        6
 Ignition                 Fire           0%         3d3       100%        8


Dungeon Overview and Level Annotations

Branches:
Dungeon (15/15)            Temple (1/1) D:5            Lair (0/5) D:11
    Orc (0/2) D:11         Vaults (0/5) D:13
 Depths: D:15

Altars:
Ashenzari
Cheibriados
Dithmenos
Fedhas
Gozag
Hepliaklqana
Makhleb
Nemelex Xobeh
Okawaru
Qazlal
Ru
Sif Muna
Trog
Vehumet
Wu Jian
Yredelemnul

Shops:
D:8 *(==   D:13 [

Portals:
Abyss: D:6
Ice
Cave: D:15

Annotations:
D:6 4 transporters, turdburglar's ghost, novice KoSu


Innate Abilities, Weirdness & Mutations

You are a swirling mass of dark shadows.
You are immune to unholy torment and to willpower attacks.
Damage taken is halved, but you are drained when taking damage.
Your attacks are insubstantial and do half damage.
You bleed smoke when taking damage.
You are invisible.
You are immune to poison.
Your spellcasting is less reliable in this form.
Your demonic aura often causes spilled blood to erupt in flames.
You are completely covered in sharp spines.
You have an absolutely massive brain. (Int +6, Wiz)
Your touch may inflict minor irresistible damage on your foes.


Message History

You block the stone giant's attack.
You hit the deep troll. You burn the deep troll.
The deep troll is heavily wounded.
You hit the stone giant but do no damage.
You slash the necromancer! You burn the necromancer.
Your shadow hits the deep troll but does no damage.
Your shadow hits the stone giant with a war axe.
Your shadow barely misses the necromancer.
The deep troll bites you but does no damage.
The deep troll claws you!
* * * LOW HITPOINT WARNING * * *
You emit a cloud of dark smoke.
You feel drained. You block the deep troll's attack.
The necromancer completely misses you. You block the stone giant's attack.
You closely miss the deep troll.
The deep troll is moderately wounded.
You slash the stone giant! You burn the stone giant.
You catch the helpless necromancer completely off-guard!
You slash the necromancer! You burn the necromancer. The stone giant hits you.
* * * LOW HITPOINT WARNING * * *
You emit a cloud of dark smoke.
You feel drained. You block the deep troll's attack. x2
The deep troll claws you but does no damage.
As you read the scroll of teleportation, it crumbles to dust.
You feel strangely unstable.
The deep troll is struck by your spines.
The deep troll bites you!
* * * LOW HITPOINT WARNING * * *
You emit a cloud of dark smoke.
You feel drained. You block the deep troll's attack. The deep troll claws you.
* * * LOW HITPOINT WARNING * * *
You emit a cloud of dark smoke.
You feel drained.
The deep troll is struck by your spines.
The deep troll bites you.
* * * LOW HITPOINT WARNING * * *
You emit a cloud of dark smoke.
You feel drained. You block the deep troll's attack. x2
The stone giant is struck by your spines.
The stone giant hits you!!!
You die...

#.# ##...### #. #..
.. #...##### #. ..#
#.## ###.....###.
#...# #.........
.T..# ##........ ...
#...######
#T####§########..###
#.F§§CT§§.......##yy
#.pTW§§.####..#


yww #######.# #..# wwy# #.# #..# yyy# #.# #..# ### #.# #... #.. ##... ### #..
You could see a stone giant (unable to see you), 2 deep trolls and a necromancer
(unable to see you).

Vanquished Creatures
  Frances (D:14)
  A fenstrider witch (D:13)
  Harold (D:11)
  3 boulder beetles
  2 centaur warriors
  2 two-headed ogres
  2 tengu warriors
  3 wizards
  5 deep elf pyromancers
  2 orc sorcerers (D:13)
  A necromancer (D:15)
  9 ugly things
  A manticore (D:12)
  2 cyclopes
  A cane toad (shapeshifter) (D:13)
  3 unseen horrors
  4 yaktaurs (D:12)
  Maggie (D:9)
  A komodo dragon (D:12)
  A tengu conjurer (D:14)
  8 trolls
  2 hornets (D:13)
  3 polar bears (D:8)
  5 slime creatures (D:13)
  Sigmund (D:5)
  A vampire (D:11)
  A shadow (D:11)
  20 yaks
  2 wyverns (D:8)
  4 wraiths
  2 basilisks (D:13)
  19 vampire mosquitoes
  A steam dragon (D:8)
  An acid dragon (D:12)
  2 floating eyes (D:13)
  A water moccasin (D:8)
  3 orc warriors
  8 ice beasts
  A black bear (D:6)
  3 wolves (D:11)
  10 centaurs
  3 gnoll sergeants
  4 bullfrogs
  A scorpion (D:4)
  16 wights
  12 killer bees
  4 electric eels
  6 howler monkeys
  5 hounds
  6 orc priests
  2 jellies
  A sleepcap (D:3)
  3 iguanas
  8 orc wizards
  A killer bee simulacrum (D:8)
  13 gnolls
  10 adders
  7 white imps
  An ufetubus (D:8)
  2 worms (D:2)
  3 dart slugs
  27 orcs
  10 bats
  5 endoplasms
  2 giant cockroaches
  3 goblins
  11 hobgoblins
  4 jackals (D:1)
  6 kobolds
  5 quokkas
  10 ball pythons
  12 frilled lizards
  11 rats
358 creatures vanquished.

Notes
Turn   | Place    | Note
-------+----------+-------------------------------------------
     0 | D:1      | lonewolfV2 the Demonspawn Fighter began the quest for the
                  | Orb.
     0 | D:1      | Reached XP level 1. HP: 18/18 MP: 1/1
   142 | D:1      | Gained mutation: You have an unusually large brain. (Int
                  | +2) [demonic ancestry]
   142 | D:1      | Reached XP level 2. HP: 24/24 MP: 2/2
   432 | D:1      | Reached XP level 3. HP: 25/29 MP: 3/3
  1042 | D:2      | Gained mutation: You have an extremely huge brain. (Int +4)
                  | [demonic ancestry]
  1042 | D:2      | Reached XP level 4. HP: 31/37 MP: 4/4
  1160 | D:2      | Found a faded altar of an unknown god.
  1420 | D:2      | Found an ornate altar of the Wu Jian Council.
  1898 | D:3      | Identified the amulet "Kewno" {Reflect Regen+ Str+3 Dex-2
                  | SH+5}
  2046 | D:3      | Found a stormy altar of Qazlal.
  2052 | D:3      | Found a blossoming altar of Fedhas.
  2061 | D:3      | Gained mutation: You are partially covered in sharp spines.
                  | [demonic ancestry]
  2061 | D:3      | Reached XP level 5. HP: 31/43 MP: 5/5
  2290 | D:4      | Reached skill level 5 in Fighting
  2759 | D:5      | Entered Level 5 of the Dungeon
  2815 | D:5      | Noticed Sigmund
  2826 | D:5      | Killed Sigmund
  2827 | D:5      | Gained mutation: Your demonic aura sometimes causes spilled
                  | blood to erupt in flames. [demonic ancestry]
  2827 | D:5      | Reached XP level 6. HP: 44/51 MP: 6/6
  2870 | D:5      | Found a staircase to the Ecumenical Temple.
  3167 | D:5      | Gained mutation: Your demonic aura often causes spilled
                  | blood to erupt in flames. [demonic ancestry]
  3167 | D:5      | Reached XP level 7. HP: 57/57 MP: 7/7
  3719 | D:6      | Reached skill level 5 in Axes
  3847 | D:6      | Noticed an ancient zyme
  3893 | D:6      | Found a transporter.
  3894 | D:6      | Noticed turdburglar's ghost (novice KoSu)
  3902 | D:6      | Found a one-way gate to the infinite horrors of the Abyss.
  3905 | D:6      | Noticed a small abomination
  3913 | D:6      | Found a transporter.
  4035 | D:6      | Found a transporter.
  4043 | D:6      | Found a transporter.
  4052 | D:6      | Noticed a kobold demonologist
  4254 | Temple   | Entered the Ecumenical Temple
  4563 | Temple   | Became a worshipper of Dithmenos the Shadowed
  4661 | D:6      | Reached XP level 8. HP: 57/65 MP: 8/8
  4827 | D:6      | Noticed a toenail golem
  5071 | D:7      | Reached skill level 5 in Shields
  5344 | D:7      | Reached * piety under Dithmenos
  5719 | D:8      | Found Ojiu's Jewellery Boutique.
  5720 | D:8      | Found Tixut's Antique Weapon Boutique.
  5724 | D:8      | Found Ceck's General Store.
  5726 | D:8      | Found Nigg's Jewellery Boutique.
  5763 | D:8      | Reached XP level 9. HP: 57/74 MP: 9/9
  5973 | D:8      | Noticed a polar bear
  5997 | D:8      | Killed a polar bear
  6068 | D:8      | Identified the +3 robe "Zueteth" {rPois rCorr}
  6090 | D:8      | Noticed a polar bear
  6096 | D:8      | Killed a polar bear
  6152 | D:8      | Reached ** piety under Dithmenos
  6206 | D:8      | Gained mutation: You are mostly covered in sharp spines.
                  | [demonic ancestry]
  6206 | D:8      | Reached XP level 10. HP: 83/83 MP: 10/10
  6500 | D:8      | Reached skill level 1 in Invocations
  6745 | D:8      | Bought the ring of Day {Contam +Blink rElec rPois rF+} for
                  | 446 gold pieces
  6961 | D:9      | Noticed a two-headed ogre
  6978 | D:9      | Killed a two-headed ogre
  6979 | D:9      | Reached skill level 10 in Fighting
  6979 | D:9      | Reached skill level 5 in Invocations
  7789 | D:9      | Noticed Maggie
  7794 | D:9      | Reached *** piety under Dithmenos
  7805 | D:9      | Killed Maggie
  8074 | D:10     | Entered Level 10 of the Dungeon
  8376 | D:10     | Gained mutation: You are completely covered in sharp
                  | spines. [demonic ancestry]
  8376 | D:10     | Reached XP level 11. HP: 92/92 MP: 14/16
  8698 | D:11     | Found a staircase to the Lair.
  8742 | D:11     | Reached skill level 10 in Axes
  8789 | D:11     | Identified the +3 robe "Bobaximi" {Fly Stlth+}
  9046 | D:11     | Found a staircase to the Orcish Mines.
  9176 | D:11     | Reached **** piety under Dithmenos
  9236 | D:11     | Noticed a boulder beetle
  9289 | D:11     | Killed a boulder beetle
  9687 | D:11     | Noticed Harold
  9701 | D:11     | Killed Harold
  9977 | D:12     | Noticed a deep elf pyromancer
  9986 | D:12     | Killed a deep elf pyromancer
 10089 | D:12     | Noticed a boulder beetle
 10096 | D:12     | Noticed a boulder beetle
 10116 | D:12     | Killed a boulder beetle
 10117 | D:12     | Reached skill level 10 in Invocations
 10128 | D:12     | Killed a boulder beetle
 10129 | D:12     | Gained mutation: Your touch may inflict minor irresistible
                  | damage on your foes. [demonic ancestry]
 10129 | D:12     | Reached XP level 12. HP: 9/102 MP: 19/19
 11162 | D:13     | Noticed a centaur warrior
 11166 | D:13     | Killed a centaur warrior
 11421 | D:13     | Paralysed by a floating eye for 3 turns
 11432 | D:13     | Paralysed by an orc sorcerer for 3 turns
 11445 | D:13     | Noticed a fenstrider witch
 11448 | D:13     | Paralysed by a fenstrider witch for 2 turns
 11455 | D:13     | Killed a fenstrider witch
 11574 | D:13     | Found Joje Aju's Antique Armour Boutique.
 11913 | D:13     | Noticed a two-headed ogre
 11924 | D:13     | Killed a two-headed ogre
 11929 | D:13     | Gained mutation: You have an absolutely massive brain. (Int
                  | +6, Wiz) [demonic ancestry]
 11929 | D:13     | Reached XP level 13. HP: 39/111 MP: 22/22
 12100 | D:13     | Found a gate to the Vaults.
 12527 | D:14     | Reached ***** piety under Dithmenos
 12740 | D:14     | Noticed Frances
 12748 | D:14     | Found a snail-covered altar of Cheibriados.
 12753 | D:14     | Killed Frances
 13444 | D:15     | Entered Level 15 of the Dungeon
 13466 | D:15     | Found a frozen archway.
 13519 | D:15     | Noticed a stone giant
 13537 | D:15     | Mangled by a stone giant

Illustrated notes

Levels and vault maps discovered:
D:1:      lightli_arrival_windingriver, layout_basic
D:2:      minmay_chambers_of_twos, layout_basic, basic_altar,
          dreamdust_ecumenical_altar_statues, minmay_misc_feat_alley,
          minmay_rat_gold_closets
D:3:      layout_rooms, grunt_temple_overflow_forces_of_nature
D:4:      layout_rooms, minmay_misc_feat_rugged, hangedman_feature_mirror,
          minmay_misc_feat_four_crosses
D:5:      layout_loops_ring, minmay_temple_entry_from_below_a,
          chequers_serial_rivers_room_b, minmay_lizard_king, uniq_sigmund
D:6:      gammafunk_wand_slinger, layout_basic, gammafunk_ghost_abyssal_escape
D:7:      layout_basic
D:8:      layout_basic, serial_ice, serial_ice_o, serial_ice_l, serial_ice_c,
          serial_ice_f, serial_ice_h, serial_ice_b, serial_ice_n, serial_ice_g,
          minmay_shop_grid_forest, interstate_on_off
D:9:      layout_basic, minmay_fractal_squares_5, uniq_maggie
D:10:     layout_roguey
D:11:     layout_gridville, erik_lair_island, uniq_harold
D:12:     layout_loops_ring, corexii_leaking_fountain
D:13:     hellmonk_paralyzer, layout_layer_cave, david_vaults_1, serial_shops,
          shop
D:14:     layout_cave_pods, dreamdust_mushroom_princess, cheibriados_altar_1,
          uniq_frances
D:15:     hangedman_depths_entry_civil_slaughter, layout_loops_ring,
          portal_ice_cave_entry_pillars_three, hive_lemuel
Temple:   mainiacjoe_temple_big_plus

Skill      XL: |  1  2  3  4  5  6  7  8  9 10 11 12 13 |
---------------+----------------------------------------+-----
Axes           | 2 3 4 5 6 8 9 11 12 | 12.3
Fighting       | 4 5 6 7 9 10 12 13 | 13.8
Shields        | 3 4 5 7 9 |  9.2
Invocations    | 6 10 12 13 | 13.6
Armour         | |  2.6

Action                     |  1- 3 |  4- 6 |  7- 9 | 10-12 | 13-15 || total
---------------------------+-------+-------+-------+-------+-------++-------
  Melee: War axe           |   112 |   130 |   150 |   290 |    74 ||   756
 Invoke: Shadow Form       |       |       |       |       |     1 ||     1
  Evoke: Wand              |       |       |       |    12 |     3 ||    15
    Use: Scroll            |     1 |     7 |    13 |    11 |     1 ||    33
         Potion            |       |       |       |    10 |     6 ||    16
   Stab: Invisible         |       |       |       |       |     1 ||     1
 Armour: Scale mail        |    94 |    50 |     3 |       |       ||   147
         Chain mail        |       |       |    77 |   100 |    41 ||   218
  Dodge: Dodged            |    51 |    46 |    43 |   110 |    31 ||   281
  Block: Buckler           |    44 |    61 |   110 |    60 |       ||   275
         Reflection        |       |     5 |    11 |     9 |    13 ||    38
         Kite shield       |       |       |       |   204 |    89 ||   293
